 Dungeon Crawl Stone Soup version 0.22-a0-282-gdd34a7d (webtiles) character file.

25 vishdafish the Shield-Bearer (level 3, 29/29 HPs)
             Began as a Formicid Fighter on Mar 18, 2018.
             Quit the game on level 1 of the Dungeon.
             The game lasted 00:00:41 (389 turns).

vishdafish the Shield-Bearer (Formicid Fighter)      Turns: 389, Time: 00:00:42

Health: 29/29      AC:  7    Str: 20    XL:     3   Next: 17%
Magic:  3/3        EV:  8    Int:  8    God:
Gold:   31         SH:  9    Dex: 10    Spells: 2/2 levels left

rFire    + . .     SeeInvis +   a - +0 war axe
rCold    x . .     Gourm    .   c - +0 shield
rNeg     . . .     Faith    .   b - +0 scale mail
rPois    .         Spirit   .   (helmet unavailable)
rElec    .         Reflect  .   (no cloak)
rCorr    .         Harm     .   (no gloves)
MR       .....                  (no boots)
Stlth    ..........             (no amulet)
HPRegen  0.09/turn              j - ring of fire
MPRegen  0.08/turn              (no ring)

@: no status effects
A: permanent stasis, dig shafts and tunnels, four strong arms, antennae 3
a: Dig, Shaft Self


You were on level 1 of the Dungeon.
You were not hungry.

You visited 1 branch of the dungeon, and saw 1 of its levels.

You collected 31 gold pieces.

Inventory:

Hand Weapons
 a - a +0 war axe (weapon)
Armour
 b - a +0 scale mail (worn)
 c - a +0 shield (worn)
Jewellery
 j - a ring of fire (left hand)
Scrolls
 g - a scroll of fear {unknown}
 h - a scroll of remove curse {unknown}
 i - a scroll of teleportation
 k - a scroll of enchant armour {unknown}
Potions
 d - a potion of might
 e - a potion of mutation {unknown}
Comestibles
 f - a ration


   Skills:
 + Level 3.5 Fighting
 + Level 2.5 Axes
 + Level 3.7 Armour
 + Level 0.1 Dodging
 + Level 3.9 Shields


You had 2 spell levels left.
You didn't know any spells.

Dungeon Overview and Level Annotations

Branches:
Dungeon (1/15)

Altars:


Innate Abilities, Weirdness & Mutations

You cannot be hasted, slowed, berserked, paralysed or teleported.
You can dig through walls and to a lower floor.
Your four strong arms can wield two-handed weapons with a shield.
You have a pair of large antennae on your head. (SInv)


Message History

Put on which piece of jewellery? (? for menu, Esc to quit)
You feel more attuned to fire.
j - a ring of fire (left hand)
i - 2 scrolls labeled ITZYWA QADGHESTA (gained 1)
You now have 31 gold pieces (gained 11).
Found a stone staircase leading down.
Found a spear.
No target in view!
No target in view!
There is a stone staircase leading down here.
k - a scroll labeled LAEMEERREK Done exploring.
No target in view!
As you read the scroll labeled ITZYWA QADGHESTA, it crumbles to dust.
You feel a strange sense of stasis.
It was a scroll of teleportation.
Unknown command.
Done exploring.
Done exploring.
No target in view!
Are you sure you want to abandon this character and quit the game? (Confirm with "yes".)

...≈≈.....≈≈≈≈≈≈≈≈#
......#.≈.≈≈≈≈≈≈≈≈#
..#################
................#
....###########.###
###.# #...# #
#.#### ###.#
###....# #####.#
...>##.## #...@.#
##......# #.#####
........#####.#
#.......).....#
##......#######
........# #.......#
..####### ..#


There were no monsters in sight!

Vanquished Creatures
  A dart slug (D:1)
  5 bats (D:1)
  2 giant cockroaches (D:1)
  3 hobgoblins (D:1)
  4 frilled lizards (D:1)
  4 kobolds (D:1)
  5 rats (D:1)
24 creatures vanquished.

Notes
Turn   | Place    | Note
-------+----------+-------------------------------------------
     0 | D:1      | vishdafish the Formicid Fighter began the quest for the Orb.
     0 | D:1      | Reached XP level 1. HP: 18/18 MP: 1/1
    59 | D:1      | Reached XP level 2. HP: 18/24 MP: 2/2
   190 | D:1      | Reached XP level 3. HP: 27/29 MP: 3/3
   389 | D:1      | Quit the game

Vault maps used:
D:1:      dpeg_arrival_more_subterranean_lakeside_camping, hex_tiny

Action                   || total
-------------------------++-------
Melee: War axe           ||    75
  Use: Scroll            ||     1
Armor: Scale mail        ||    30
Dodge: Dodged            ||    29
Block: Shield            ||    42

Table legend:
 A = Spawn XP
 B = Non-spawn XP
 C = Spawn XP percentage of total XP
 D = Spawn monster count
 E = Non-spawn monster count
 F = Spawn count percentage of total count
 G = Total turns spent on level
                    A         B        C        D         E        F      G
               +---------+---------+-------+---------+---------+-------+---------
         Total |       0 |      36 |   0.0 |       0 |      24 |   0.0 |   389
               +---------+---------+-------+---------+---------+-------+---------
           D:1 |       0 |      36 |   0.0 |       0 |      24 |   0.0 |   389
               +---------+---------+-------+---------+---------+-------+---------
